 Dungeon Crawl Stone Soup version 0.30.0-5-g1a98f26d00 (webtiles) character file.

Game seed: 12628109951276724411

51 safid the Chiller (level 3, -1/27 HPs)
             Began as a Merfolk Ice Elementalist on May 8, 2023.
             Slain by Natasha (8 damage)
             ... on level 3 of the Dungeon.
             The game lasted 00:02:36 (2022 turns).

safid the Chiller (Merfolk Ice Elementalist)        Turns: 2022, Time: 00:02:37

Health: -1/27      AC:  3    Str:  8    XL:     3   Next: 81%
Magic:  4/6        EV: 12    Int: 16    God:
Gold:   149        SH:  0    Dex: 14    Spells: 6/7 levels left

rFire   . . .        p - +0 hand axe (flame)
rCold   . . .        (no shield)
rNeg    . . .        a - +0 robe
rPois   .            (no helmet)
rElec   .            i - +0 cloak
rCorr   .            (no gloves)
SInv    .            (no boots)
Will    .....        (no amulet)
Stlth   ++           (no ring)
HPRegen 0.24/turn    (no ring)
MPRegen 0.10/turn

%: no passive effects
@: no status effects
A: (nimble swimmer 2), mertail
a: no special abilities


You were on level 3 of the Dungeon.
You visited 1 branch of the dungeon, and saw 3 of its levels.

You collected 149 gold pieces.

Inventory:

Hand Weapons
 p - a +0 hand axe of flaming (weapon)
Armour
 a - a +0 robe (worn)
 i - a +0 cloak (worn)
Jewellery
 q - a +6 ring of dexterity
Scrolls
 c - 3 scrolls of teleportation {unknown}
 d - a scroll of poison {unknown}
 e - a scroll of vulnerability {unknown}
 g - 4 scrolls of identify {unknown}
 h - a scroll of enchant weapon {unknown}
 n - 2 scrolls of fear {unknown}
 o - a scroll of silence {unknown}
Potions
 b - a potion of magic
 f - a potion of might {unknown}
 j - a potion of degeneration {unknown}
 k - a potion of curing {unknown}
 l - 3 potions of flight {unknown}
 m - 2 potions of mutation {unknown}
 r - 2 potions of lignification {unknown}


   Skills:
 + Level 2.0 Fighting
 - Level 2.6 Dodging
 - Level 2.1 Stealth
 + Level 2.6 Spellcasting
 + Level 4.9 Ice Magic


You had 6 spell levels left.
You knew the following spells:

 Your Spells              Type           Power      Damage    Failure   Level
a - Freeze                Ice            68%        1d8       2%          1

Your spell library contained the following spells:

 Spells                   Type           Power      Damage    Failure   Level
 Frozen Ramparts          Ice            34%        1d6       8%          3
 Ozocubu's Armour         Ice            17%        N/A       8%          3
 Magic Dart               Conj           8%         1d3       21%         1
 Call Imp                 Summ           4%         N/A       30%         2
 Mephitic Cloud           Conj/Pois/Air  2%         N/A       52%         3
 Vhi's Electric Charge    Tloc/Air       4%         N/A       52%         3
 Summon Ice Beast         Ice/Summ       10%        N/A       56%         4
 Arcjolt                  Conj/Air       1%         1d11      99%         5
 Plasma Beam              Fire/Air       1%         2x1d12    100%        6


Dungeon Overview and Level Annotations

Branches:
Dungeon (3/15)

Altars:
Kikubaaqudgha

Annotations:
D:3 Jessica, Natasha


Innate Abilities, Weirdness & Mutations

((You are very nimble when in or above water. (Stealth+, EV+, Speed+++)))
Your lower body shifts to a powerful aquatic tail in water.


Message History

The bat hits you but does no damage. x2; The cerulean imp barely misses you.
Jessica mumbles some strange words.
Jessica blinks!
The cerulean imp closely misses you.
Natasha casts a spell.
You hit Natasha. You burn Natasha.
Natasha is lightly wounded.
The cerulean imp closely misses you.
The cerulean imp hits you but does no damage.
Natasha claws you.
The cerulean imp hits you from afar with a +0 spear.
The cerulean imp closely misses you. Natasha casts a spell at you.
You resist with significant effort.
Casting: Freeze (safe; 2% risk of failure)
Confirm with . or Enter, or press ? or * to list all spells.
Aiming: Freeze (safe; 2% risk of failure)
Press: ? - help, Shift-Dir - straight line, f - Natasha
Aim: Natasha (lightly wounded)
You freeze Natasha.
Natasha is lightly wounded.
The cerulean imp disappears in a puff of smoke!
The cerulean imp hits you but does no damage.
Natasha claws you but does no damage.
Casting: Freeze (safe; 2% risk of failure)
Confirm with . or Enter, or press ? or * to list all spells.
Aiming: Freeze (safe; 2% risk of failure)
Press: ? - help, Shift-Dir - straight line, f/p - Natasha
Aim: Natasha (lightly wounded)
You freeze Natasha!
Natasha is severely wounded.
You feel yourself speed up. The cerulean imp barely misses you.
Jessica gestures wildly while chanting.
Jessica blinks!
Natasha stares at you and mumbles some strange words.
The magic dart hits you! The cerulean imp closely misses you.
The cerulean imp hits you from afar with a +2 spear.
* * * LOW HITPOINT WARNING * * *
Natasha claws you!
You die...

#.....PPP...PP.
#...P...$@....P
#...P......P...
+........P..P..
#...).......PP.
###..w...._...P
#b55.........
##h###....... ######@#
....... .. #......#
....... .... #.######
.....## #..##.# #####
#....############
#>..^...........#
######################.#
.................# #.#
################.# #.#


You could see a worm, Natasha, 2 cerulean imps, Jessica (fast) and a bat.

Vanquished Creatures
  2 adders
  A dart slug (D:2)
  4 endoplasms
  3 goblins
  5 hobgoblins
  2 jackals (D:1)
  2 kobolds
  3 ball pythons
  3 bats
  3 rats
28 creatures vanquished.

Notes
Turn   | Place    | Note
-------+----------+-------------------------------------------
     0 | D:1      | safid the Merfolk Ice Elementalist began the quest for the
                  | Orb.
     0 | D:1      | Reached XP level 1. HP: 13/13 MP: 3/3
   287 | D:1      | Reached XP level 2. HP: 12/20 MP: 0/5
   368 | D:1      | Reached skill level 1 in Fighting
   518 | D:1      | Found a faded altar of an unknown god.
  1566 | D:2      | Reached XP level 3. HP: 26/26 MP: 2/6
  2000 | D:3      | Found an ancient bone altar of Kikubaaqudgha.
  2006 | D:3      | Noticed Natasha
  2007 | D:3      | Noticed Jessica
  2022 | D:3      | Slain by Natasha

Illustrated notes

Levels and vault maps discovered:
D:1:      dpeg_arrival_three_same_balls, layout_rooms,
          shapermc_ecumenical_altar_acropolis
D:2:      layout_basic, corexii_item_surrounded_by_moat, nicolae_hexahallways,
          roderic_roman_lattice
D:3:      layout_basic, mainiacjoe_overflow_catch_the_wave, uniq_jessica,
          uniq_natasha

Skill      XL: |  1  2  3 |
---------------+----------+-----
Fighting       | 1 2 |  2.0
Dodging        | |  2.6
Stealth        | |  2.1
Spellcasting   | |  2.6
Ice Magic      | |  4.9

Action                     || total
---------------------------++-------
  Melee: Short sword       ||    21
         Hand axe          ||    22
   Cast: Freeze            ||    33
   Stab: Sleeping          ||     1
 Armour: Robe              ||    26
  Dodge: Dodged            ||    66
